 Dungeon Crawl Stone Soup version 0.20-a0-223-g066d66b (webtiles) character file.

26651 tboon the Severer (level 13, -4/119 HPs)
             Began as a Minotaur Fighter on Nov 29, 2016.
             Was a High Priest of Okawaru.
             Killed from afar by an oklob plant (19 damage)
             ... with a splash of acid
             ... on level 3 of the Lair of Beasts on Nov 30, 2016.
             The game lasted 00:42:57 (13420 turns).

tboon the Severer (Minotaur Fighter)               Turns: 13420, Time: 00:42:58

Health: -4/119     AC: 12    Str: 22    XL:     13   Next: 0%
Magic:  11/18      EV: 15    Int: 14    God:    Okawaru [*****.]
Gold:   315        SH: 20    Dex: 20    Spells: 12/12 levels left

rFire  + . .     SeeInvis +     E - +4 war axe (chop)
rCold  + . .     Gourm    .     C - +0 plate armour
rNeg   + . .     Faith    .     c - +0 shield
rPois  .         Spirit   .     n - +1 hat {MR+}
rElec  .         Reflect  +     J - +0 cloak "Vikleg" {rF++ Int+7 SInv}
rCorr  .         Harm     .     N - +0 pair of gloves {Dex+3}
MR     +....                    L - +1 pair of boots {Fly}
Stlth  ..........               B - +5 amulet of reflection
                                t - ring of ice {rC+, rF-}
                                i - ring of positive energy {rN+}

@: agile, heroism, finesse, corroded, flying
A: retaliatory headbutt, horns 2
a: Heroism, Finesse, Renounce Religion, Stop Flying


You were on level 3 of the Lair of Beasts.
You worshipped Okawaru.
Okawaru was extremely pleased with you.
You were not hungry.

You visited 3 branches of the dungeon, and saw 15 of its levels.
You also visited: Sewer.

You collected 769 gold pieces.
You spent 454 gold pieces at shops.

Inventory:

Hand Weapons
 E - a +4 war axe of chopping (weapon)
   (You found it on level 10 of the Dungeon)
Armour
 c - a +0 shield (worn)
 n - a +1 hat of magic resistance (worn)
   (Okawaru gifted it to you on level 3 of the Lair of Beasts)
 C - a +0 plate armour (worn)
   (You took it off an orc warrior on level 11 of the Dungeon)
 J - the +0 cloak "Vikleg" (worn) {rF++ Int+7 SInv}
   (Okawaru gifted it to you on level 11 of the Dungeon)

   It affects your intelligence (+7).
   It greatly protects you from fire.
   It lets you see invisible.
 L - a +1 pair of boots of flying (worn)
   (You bought it in a shop on level 8 of the Dungeon)
 M - a +0 hat
   (You bought it in a shop on level 8 of the Dungeon)
 N - a +0 pair of gloves of dexterity (worn)
   (Okawaru gifted it to you on level 9 of the Dungeon)
Jewellery
 i - a ring of positive energy (left hand) {rN+}
   (You acquired it on level 10 of the Dungeon)
 t - a ring of ice (right hand) {rC+, rF-}
   (You found it on level 5 of the Dungeon)
 B - a +5 amulet of reflection (around neck)
   (You found it on level 5 of the Dungeon)
Wands
 H - a wand of acid (13/15)
   (You found it on level 8 of the Dungeon)
Scrolls
 e - 9 scrolls of remove curse
 l - 7 scrolls of amnesia
 q - a scroll of recharging
 v - 3 scrolls of fear
 x - 3 scrolls of teleportation
 y - a scroll of magic mapping {!r}
 A - 2 scrolls of identify
Potions
 b - a potion of invisibility
 d - 6 potions of heal wounds
 g - 2 potions of curing
 k - a potion of cure mutation {unknown}
 m - 2 potions of brilliance
 o - a potion of cancellation {unknown}
 p - 2 potions of haste
 u - a potion of agility
 G - a potion of ambrosia {unknown}
Comestibles
 a - 7 chunks of flesh
 f - 14 bread rations
 h - 4 beef jerkies
 j - 8 meat rations
 r - 11 fruits
 F - 8 slices of pizza


   Skills:
 + Level 12.7(17.7) Fighting
 * Level 16.7(21.7) Axes
 - Level 3.6(8.6) Armour
 + Level 11.3(16.3) Shields
 + Level 9.1 Invocations


You had 12 spell levels left.
You didn't know any spells.

Dungeon Overview and Level Annotations

Branches:
Dungeon (11/15)            Temple (1/1) D:4            Lair (3/6) D:11
    Orc (0/2) D:11
  Swamp: Lair:2-4    Shoals: Lair:2-4     Snake: Lair:2-4    Spider: Lair:2-4

Altars:
Ashenzari
Cheibriados
Dithmenos
Elyvilon
Fedhas
Gozag
Hepliaklqana
Kikubaaqudgha
Makhleb
Nemelex Xobeh
Okawaru
Qazlal
Ru
Sif Muna
Trog
Uskayaw
Vehumet
Xom
Yredelemnul
Zin
The Shining One
Beogh

Shops:
D:8 [   D:11 !

Annotations:
D:11 exclusion: oklob plant
Lair:3 exclusion: 3 oklob plants


Innate Abilities, Weirdness & Mutations

You reflexively headbutt those who attack you in melee.
You have a pair of horns on your head.


Message History

The water moccasin is heavily wounded.
You block the water moccasin's attack.
You slice the water moccasin!!
You kill the water moccasin!
Okawaru accepts your kill.
A porcupine comes into view.
You are struck by the porcupine's spines.
You closely miss the porcupine. You block the porcupine's attack.
You slash the porcupine!
The porcupine is heavily wounded.
The porcupine bites you but does no damage.
You are struck by the porcupine's spines.
You closely miss the porcupine. Your headbutt misses the porcupine.
The porcupine is heavily wounded.
You closely miss the porcupine.
The porcupine is heavily wounded.
You block the porcupine's attack.
You are struck by the porcupine's spines.
You slash the porcupine!
You kill the porcupine!
Okawaru accepts your kill. The rime drake breathes ice at you.
The flash freeze reflects off an invisible shield around you!
The flash freeze hits the rime drake.
The rime drake partially resists.
The rime drake is flash-frozen.
The rime drake breathes ice at you. The flash freeze hits you!
You partially resist.
You are encased in ice.
You block the rime drake's attack.
The rime drake bites you but does no damage.
You slash the rime drake! You headbutt the rime drake.
The rime drake is almost dead.
You closely miss the rime drake.
You headbutt the rime drake, but do no damage.
The rime drake is almost dead.
You block the rime drake's attack.
You slice the rime drake!!
You kill the rime drake!
Okawaru accepts your kill. The ice encasing you melts away.
You see here a rime drake corpse.
You butcher the rime drake corpse.
a - 7 chunks of flesh (gained 2) Really fly into a travel-excluded area?
You start resting.
HP restored.
Put on which piece of jewellery? (? for menu, Esc to quit)
Okay, then.
You gain the combat prowess of a mighty hero.
You can now deal lightning-fast blows.
You feel agile all of a sudden.
Really fly into a travel-excluded area?
Marking area around the oklob plant as unsafe for travelling.
Marking area around the oklob plant as unsafe for travelling.
Marking area around the oklob plant as unsafe for travelling.
A yak and 3 oklob plants come into view.
The oklob plant spits acid at you. The splash of acid hits you!
You are splashed with acid!
The acid burns!
The oklob plant spits acid at you. The splash of acid hits you!
The acid corrodes you!
You are splashed with acid!
The acid burns!
You slice the oklob plant!!
The oklob plant is heavily damaged.
You slash the yak! You slash the plant! The oklob plant spits acid at you.
The splash of acid reflects off an invisible shield around you!
The splash of acid hits the oklob plant.
The oklob plant completely resists.
You hit the oklob plant but do no damage.
The oklob plant is heavily damaged.
You completely miss the yak. You hit the plant. You hit the oklob plant.
You headbutt the oklob plant!
The oklob plant is severely damaged.
You slash the yak! You hit the plant but do no damage. You hit the oklob plant.
You headbutt the oklob plant, but do no damage.
The oklob plant is severely damaged.
You hit the plant. You slice the yak!!
You kill the yak!
Okawaru accepts your kill. The oklob plant spits acid at you.
The splash of acid hits you!
You are splashed with acid!
The acid burns!
The oklob plant spits acid at you. The splash of acid hits you!
You are splashed with acid!
The acid burns!
You slice the oklob plant!!
You destroy the oklob plant!
Okawaru accepts your kill.
You have reached level 13!
You slash the plant! The oklob plant spits acid at you.
The splash of acid hits you!
You are splashed with acid!
The acid burns!
* * * LOW HITPOINT WARNING * * *
The oklob plant spits acid at you. The splash of acid hits you!
* * * LOW HITPOINT WARNING * * *
The acid corrodes you!
You are splashed with acid!
The acid burns!
* * * LOW HITPOINT WARNING * * *
The oklob plant spits acid at you. The splash of acid hits you!
You die...

..P #.†.........# #.##
##.†........P #..
#P.........####### #.#
###..........P..$$P#
....#.##.........P$.).)#
.................P..?P[#
.P###...........P!.$.$#
#..##P##.#...†).P$#
#.##### ##.@####### #.##
#....# #..# ###.## #..#
#...# #.## ##.## ##
#.##### ##..#
...###.#..P####...#
..................##
...................#


You could see 3 oklob plants.

Vanquished Creatures
  Erolcha (D:11)
  The ghost of VonBacon the Bludgeoner, a journeyman FoFi of Okawaru (D:10)
  A queen ant (Lair:2)
  5 death yaks (D:11)
  3 unseen horrors
  A hill giant (D:11)
  A wolf spider (Lair:3)
  An oklob plant (Lair:3)
  An ugly thing (D:10)
  A black mamba (Lair:3)
  8 spiny frogs
  A torpor snail (Lair:3)
  2 rime drakes
  A troll (D:9)
  A hornet (Lair:3)
  Prince Ribbit (D:5)
  A two-headed ogre (D:10)
  3 dream sheep (Lair:3)
  3 hippogriffs
  A human (D:7)
  2 wyverns
  A steam dragon (D:7)
  4 hogs (D:7)
  22 yaks
  14 soldier ants (Lair:2)
  3 water moccasins
  4 porcupines
  6 orc warriors
  Purgy (Sewer)
  4 ice beasts
  2 sky beasts
  A hornet zombie (D:10)
  A necrophage (D:8)
  A phantom (D:6)
  The ghost of WindowMaker the Archer, an amateur CeHu of Okawaru (D:4)
  5 wolves (Lair:2)
  6 ogres
  4 centaurs
  5 crocodiles
  A big kobold (D:9)
  5 bullfrogs
  A wyvern zombie (D:11)
  A gnoll sergeant (D:8)
  8 killer bees
  2 scorpions
  4 howler monkeys (D:9)
  3 bullfrog zombies
  A centaur zombie (D:5)
  5 crimson imps
  3 hounds
  2 jellies
  A centaur skeleton (D:4)
  4 orc priests
  3 bullfrog skeletons
  8 orc wizards
  Jessica (D:2)
  3 iguanas
  Ijyb (D:3)
  37 worker ants
  A mummy (D:10)
  3 worker ant zombies
  8 gnolls (D:8)
  27 adders
  2 shadow imps (D:7)
  An ooze (D:2)
  An adder skeleton (D:7)
  4 worms
  3 dart slugs
  7 leopard geckos
  54 orcs
  A bat zombie (D:2)
  3 giant cockroaches
  5 goblins
  10 hobgoblins
  10 jackals
  15 kobolds
  8 quokkas
  7 ball pythons
  7 bats
  18 frilled lizards
  A quokka skeleton (D:9)
  7 rats
  2 rat zombies (D:2)
  3 fungi (Lair:3)
  A plant (Lair:3)
428 creatures vanquished.

Vanquished Creatures (others)
  A fungus (Lair:3)
  11 plants (Lair:3)
12 creatures vanquished.

Grand Total: 440 creatures vanquished

Notes
Turn   | Place    | Note
-------+----------+-------------------------------------------
     0 | D:1      | tboon the Minotaur Fighter began the quest for the Orb.
     0 | D:1      | Reached XP level 1. HP: 19/19 MP: 0/0
    70 | D:1      | Reached skill level 3 in Axes
    73 | D:1      | Reached XP level 2. HP: 26/27 MP: 1/1
   360 | D:1      | Reached skill level 4 in Fighting
   891 | D:2      | Reached XP level 3. HP: 21/33 MP: 2/2
   894 | D:2      | Found a shattered altar of Ashenzari.
  1071 | D:2      | Reached skill level 4 in Axes
  1107 | D:2      | Found a shadowy altar of Dithmenos.
  1212 | D:2      | Reached XP level 4. HP: 39/41 MP: 3/3
  1350 | D:2      | Noticed Jessica
  1360 | D:2      | Killed Jessica
  1360 | D:2      | Reached skill level 5 in Fighting
  1360 | D:2      | Reached skill level 5 in Axes
  1489 | D:2      | Found an ancient bone altar of Kikubaaqudgha.
  1829 | D:3      | Found a sparkling altar of Nemelex Xobeh.
  1864 | D:3      | Reached XP level 5. HP: 48/48 MP: 4/4
  1903 | D:3      | Noticed Ijyb
  1912 | D:3      | Killed Ijyb
  2178 | D:3      | Found a faded altar of an unknown god.
  2329 | D:3      | Reached skill level 6 in Axes
  2681 | D:4      | Reached XP level 6. HP: 57/57 MP: 5/5
  2698 | D:4      | Found a staircase to the Ecumenical Temple.
  2706 | Temple   | Entered the Ecumenical Temple
  2714 | Temple   | Became a worshipper of Warmaster Okawaru
  2776 | D:4      | Found a glowing drain.
  2784 | Sewer    | Entered a sewer
  2838 | Sewer    | Noticed Purgy
  2846 | Sewer    | Killed Purgy
  2846 | Sewer    | Reached skill level 6 in Fighting
  2846 | Sewer    | Reached skill level 7 in Axes
  3242 | D:4      | Reached XP level 7. HP: 50/64 MP: 6/6
  3296 | D:4      | Noticed WindowMaker's ghost (amateur CeHu)
  3304 | D:4      | Killed WindowMaker's ghost
  3304 | D:4      | Reached * piety under Okawaru
  3338 | D:4      | Found a shimmering altar of Xom.
  3340 | D:4      | Found a shadowy altar of Dithmenos.
  3340 | D:4      | Found a shimmering altar of Xom.
  3342 | D:4      | Found a stormy altar of Qazlal.
  3342 | D:4      | Found a snail-covered altar of Cheibriados.
  3342 | D:4      | Found a shimmering altar of Xom.
  3415 | D:4      | Reached skill level 8 in Axes
  3632 | D:5      | Entered Level 5 of the Dungeon
  3785 | D:5      | Found a burning altar of Makhleb.
  3983 | D:5      | Noticed Prince Ribbit
  3988 | D:5      | Killed Prince Ribbit
  3988 | D:5      | Reached skill level 7 in Fighting
  3988 | D:5      | Reached skill level 9 in Axes
  4127 | D:5      | Reached XP level 8. HP: 73/73 MP: 7/7
  4181 | D:5      | Reached skill level 4 in Shields
  4181 | D:5      | Reached skill level 1 in Invocations
  4185 | D:5      | Reached ** piety under Okawaru
  4733 | D:6      | Reached skill level 10 in Axes
  4733 | D:6      | Reached skill level 2 in Invocations
  4754 | D:6      | Reached skill level 8 in Fighting
  5126 | D:7      | Reached skill level 5 in Shields
  5159 | D:7      | HP: 14/74 [killer bee (6)]
  5164 | D:7      | HP: 9/74 [poisoned by a killer bee]
  5513 | D:7      | Reached XP level 9. HP: 66/82 MP: 10/10
  5554 | D:7      | Reached *** piety under Okawaru
  5554 | D:7      | Reached skill level 3 in Invocations
  5572 | D:7      | Reached skill level 11 in Axes
  5755 | D:7      | Reached skill level 6 in Shields
  5762 | D:7      | Reached skill level 9 in Fighting
  5762 | D:7      | Reached skill level 4 in Invocations
  6136 | D:7      | Reached **** piety under Okawaru
  6562 | D:8      | Reached skill level 12 in Axes
  6577 | D:8      | Found a roughly hewn altar of Beogh.
  6757 | D:8      | Reached skill level 7 in Shields
  6941 | D:8      | Reached XP level 10. HP: 91/91 MP: 12/12
  7030 | D:8      | Found Ruwinuxi's Antique Armour Shoppe.
  7056 | D:8      | Bought a pair of embroidered boots for 220 gold pieces
  7056 | D:8      | Bought a hat for 84 gold pieces
  7412 | D:9      | Reached skill level 5 in Invocations
  7436 | D:9      | Reached ***** piety under Okawaru
  7674 | D:9      | Received a gift from Okawaru
  7674 | D:9      | Reached skill level 13 in Axes
  7752 | D:9      | Reached skill level 10 in Fighting
  7863 | D:9      | Reached skill level 8 in Shields
  8007 | D:9      | Reached skill level 6 in Invocations
  8528 | D:10     | Entered Level 10 of the Dungeon
  8621 | D:10     | Killed an unseen horror
  8621 | D:10     | Reached XP level 11. HP: 97/101 MP: 14/14
  8734 | D:10     | Noticed VonBacon's ghost (journeyman FoFi)
  8758 | D:10     | Killed VonBacon's ghost
  8979 | D:10     | Noticed a cyan ugly thing
  8991 | D:10     | Killed a cyan ugly thing
  8991 | D:10     | Reached skill level 14 in Axes
  9254 | D:10     | Killed an unseen horror
  9254 | D:10     | Reached skill level 9 in Shields
  9590 | D:10     | Identified a scroll of acquirement
  9665 | D:11     | Reached skill level 11 in Fighting
  9687 | D:11     | Noticed Erolcha
  9690 | D:11     | Found Vumoimn's Distillery.
  9710 | D:11     | Killed Erolcha
  9726 | D:11     | Bought a potion of heal wounds for 75 gold pieces
  9726 | D:11     | Bought a potion of heal wounds for 75 gold pieces
  9816 | D:11     | HP: 21/102 [something (6)]
  9822 | D:11     | HP: 14/102 [something (6)]
  9824 | D:11     | Killed an unseen horror
  9824 | D:11     | Reached skill level 7 in Invocations
 10189 | D:11     | Noticed a hill giant
 10196 | D:11     | Killed a hill giant
 10203 | D:11     | Found a sparkling altar of Nemelex Xobeh.
 10219 | D:11     | Found a staircase to the Orcish Mines.
 10310 | D:11     | Noticed a death yak
 10311 | D:11     | Noticed a death yak
 10312 | D:11     | Found a staircase to the Lair.
 10313 | D:11     | Noticed a death yak
 10313 | D:11     | Noticed a death yak
 10330 | D:11     | Killed a death yak
 10330 | D:11     | Received a gift from Okawaru
 10335 | D:11     | Noticed a death yak
 10357 | D:11     | Killed a death yak
 10369 | D:11     | Killed a death yak
 10369 | D:11     | Reached skill level 15 in Axes
 10377 | D:11     | Killed a death yak
 10382 | D:11     | Killed a death yak
 10382 | D:11     | Received a gift from Okawaru
 10382 | D:11     | Reached skill level 10 in Shields
 10382 | D:11     | Reached XP level 12. HP: 65/111 MP: 13/16
 10385 | D:11     | Got a pitted cloak {god gift}
 10408 | D:11     | Identified the +0 cloak "Vikleg" {rF++ Int+7 SInv} (Okawaru gifted it to you on level 11 of the Dungeon)
 10849 | Lair:1   | Entered Level 1 of the Lair of Beasts
 11335 | Lair:1   | Reached skill level 8 in Invocations
 11336 | Lair:1   | Reached skill level 12 in Fighting
 11684 | Lair:2   | Noticed a queen ant
 11700 | Lair:2   | Killed a queen ant
 12042 | Lair:2   | Reached skill level 16 in Axes
 12569 | Lair:2   | Reached skill level 11 in Shields
 13072 | Lair:3   | Received a gift from Okawaru
 13227 | Lair:3   | Reached skill level 9 in Invocations
 13419 | Lair:3   | Reached XP level 13. HP: 52/119 MP: 11/18
 13420 | Lair:3   | HP: 15/119 [acid (16)]
 13420 | Lair:3   | Killed from afar by an oklob plant

Vault maps used:
D:1:      nicolae_arrival_somewhat_less_tricky_arrival, minmay_lizard_pond
D:2:      nicolae_ashenzari_panopticon, lemuel_crystal_altar,
          lemuel_zombie_altar_kikubaaqudgha, first_bread,
          kennysheep_jessica_study
D:3:      old_standard_altar, chequers_ecumenical_altar_island,
          grunt_ministairs_9, minmay_misc_feat_diagonals,
          kennysheep_minor_cross, uniq_iyjb
D:4:      doesnt_xom_only_xom, lightli_sewer_entry_pipes, eino_tiny_chamber
D:5:      old_standard_altar, uniq_prince_ribbit1
D:6:      st_stairs_12
D:7:      gup_ossuary_entry_pyramid, grunt_livestock
D:8:      serial_shops, shop, david_defended_altar_orc
D:11:     dpeg_lair_monsters, hiddenorc2_lemuel, serial_shops, shop,
          lemuel_oklob_altar, uniq_erolcha
Temple:   nicolae_temple_no_exploring_needed
Lair:1:   serial_bayou_pond_d
Lair:2:   zaba_anthell
Lair:3:   minmay_lair_venomous_thicket, minmay_snake_entry_guardpost_medium,
          serial_bayou_shore_a, grunt_megastairs_4, minmay_lair_oklob_chamber
Sewer:    sewer_co_purgy_island

Skill      XL: |  1  2  3  4  5  6  7  8  9 10 11 12 |
---------------+-------------------------------------+-----
Axes           | 3 4 5 6 7 9 10 12 13 15 16 | 16.7
Fighting       | 4 5 6 7 8 9 10 11 12 | 12.7
Shields        | 5 7 8 10 11 | 11.3
Invocations    | 2 4 6 7 9 |  9.1
Armour         | |  3.6

Action                   |  1- 3 |  4- 6 |  7- 9 | 10-12 | 13-15 || total
-------------------------+-------+-------+-------+-------+-------++-------
Melee: War axe           |    80 |   162 |   302 |   766 |       ||  1310
       Headbutt          |     6 |    26 |    49 |   186 |       ||   267
Invok: Heroism           |       |       |     5 |    12 |       ||    17
       Finesse           |       |       |       |     5 |       ||     5
  Use: Scroll            |     2 |     2 |     8 |    16 |       ||    28
       Potion            |       |     1 |     4 |     2 |       ||     7
  Eat: Chunk             |     1 |     7 |    10 |    19 |       ||    37
       Royal jelly       |       |       |     1 |     1 |       ||     2
Armor: Scale mail        |    24 |    52 |       |       |       ||    76
       Chain mail        |       |     3 |    87 |   138 |       ||   228
       Plate armour      |       |       |       |    65 |       ||    65
Dodge: Dodged            |    29 |    48 |    44 |    60 |       ||   181
Block: Shield            |    57 |    67 |   206 |   480 |       ||   810
       Reflection        |       |       |     4 |     9 |       ||    13

Vault maps used:
D:1:      nicolae_arrival_somewhat_less_tricky_arrival, minmay_lizard_pond
D:2:      nicolae_ashenzari_panopticon, lemuel_crystal_altar,
          lemuel_zombie_altar_kikubaaqudgha, first_bread,
          kennysheep_jessica_study
D:3:      old_standard_altar, chequers_ecumenical_altar_island,
          grunt_ministairs_9, minmay_misc_feat_diagonals,
          kennysheep_minor_cross, uniq_iyjb
D:4:      doesnt_xom_only_xom, lightli_sewer_entry_pipes, eino_tiny_chamber
D:5:      old_standard_altar, uniq_prince_ribbit1
D:6:      st_stairs_12
D:7:      gup_ossuary_entry_pyramid, grunt_livestock
D:8:      serial_shops, shop, david_defended_altar_orc
D:11:     dpeg_lair_monsters, hiddenorc2_lemuel, serial_shops, shop,
          lemuel_oklob_altar, uniq_erolcha
Temple:   nicolae_temple_no_exploring_needed
Lair:1:   serial_bayou_pond_d
Lair:2:   zaba_anthell
Lair:3:   minmay_lair_venomous_thicket, minmay_snake_entry_guardpost_medium,
          serial_bayou_shore_a, grunt_megastairs_4, minmay_lair_oklob_chamber
Sewer:    sewer_co_purgy_island

Table legend:
 A = Turns spent in this place as a percentage of turns spent in the entire game.
 B = Non-inter-level travel turns spent in this place as a percentage of non-inter-level travel turns spent in the entire game.
 C = Inter-level travel turns spent in this place as a percentage of turns spent in this place.
 D = Turns resting spent in this place as a percentage of non-inter-level travel turns spent in this place.
 E = Turns spent auto-exploring this place as a percentage of non-inter-level travel turns spent in this place.
 F = Non-inter-level travel turns spent in this place divided by the number of levels of this place that you've seen.
                   A       B       C       D       E      F
               +-------+-------+-------+-------+-------+----------------------
         Total | 100.0 | 100.0 |   0.4 |   2.8 |   9.4 | 211.3
       Dungeon |  77.1 |  77.1 |   0.4 |   2.7 |  10.2 | 236.9
        Temple |   0.3 |   0.3 |  10.0 |   0.0 |   0.0 |   9.0
          Lair |  19.9 |  19.9 |   0.3 |   3.3 |   7.3 | 224.7
         Sewer |   2.7 |   2.7 |   0.0 |   3.3 |   4.3 |  92.0
               +-------+-------+-------+-------+-------+----------------------

Table legend:
 A = Kills in this place as a percentage of kills in entire the game.
 B = Kills by you in this place as a percentage of kills by you in the entire game.
 C = Kills by friends in this place as a percentage of kills by friends in the entire game.
 D = Other kills in this place as a percentage of other kills in the entire game.
 E = Experience gained in this place as a percentage of experience gained in the entire game.
 F = Experience gained in this place divided by the number of levels of this place that you have seen.
                   A       B       C       D       E      F
               +-------+-------+-------+-------+-------+----------------------
         Total | 100.0 | 100.0 |  -nan |  -nan | 100.0 | 2379.6
       Dungeon |  73.3 |  73.3 |  -nan |  -nan |  59.1 | 2044.1
          Lair |  24.8 |  24.8 |  -nan |  -nan |  40.6 | 5148.0
         Sewer |   1.9 |   1.9 |  -nan |  -nan |   0.4 | 145.0
               +-------+-------+-------+-------+-------+----------------------
